 Dungeon Crawl Stone Soup version 0.24-a0-715-g0b739ee41d (webtiles) character file.

Game seed: 8938046925626775059, levelgen mode: deterministic

364 DevastatorOne the Chopper (level 6, -10/52 HPs)
             Began as a Minotaur Fighter on Sept 30, 2019.
             Was an Initiate of Trog.
             Mangled by an iguana (12 damage)
             ... on level 4 of the Dungeon.
             The game lasted 00:06:10 (2189 turns).

DevastatorOne the Chopper (Minotaur Fighter)        Turns: 2189, Time: 00:06:10

Health: -10/52     AC:  5    Str: 19    XL:     6   Next: 39%
Magic:  5/5        EV:  8    Int:  5    God:    Trog [......]
Gold:   151        SH:  9    Dex: 11    Spells: 5/5 levels left

rFire    . . .     SeeInvis .   a - +0 war axe
rCold    . . .     Gourm    .   c - +0 shield
rNeg     + . .     Faith    .   q - +0 ring mail {rN+}
rPois    .         Spirit   .   (helmet unavailable)
rElec    .         Reflect  .   (no cloak)
rCorr    .         Harm     .   (no gloves)
MR       .....                  (no boots)
Stlth    +.........             (no amulet)
HPRegen  0.17/turn              (no ring)
MPRegen  0.09/turn              (no ring)

@: no status effects
A: retaliatory headbutt, beak, horns 3, deterioration 1, weak 1
a: Renounce Religion


You were on level 4 of the Dungeon.
You worshipped Trog.
Trog was noncommittal.
You were very hungry.

You visited 2 branches of the dungeon, and saw 5 of its levels.

You collected 151 gold pieces.

Inventory:

Hand Weapons
 a - a +0 war axe (weapon)
Missiles
 t - 6 javelins (quivered)
Armour
 b - a +0 scale mail
 c - a +0 shield (worn)
 q - a +0 ring mail of positive energy (worn)
Jewellery
 o - an uncursed amulet of the acrobat {unknown}
Wands
 w - a wand of enslavement (10)
Scrolls
 h - 6 scrolls of identify {unknown}
 i - 2 scrolls of teleportation {unknown}
 j - 3 scrolls of enchant weapon {unknown}
 l - 2 scrolls of remove curse {unknown}
 n - 2 scrolls of fog {unknown}
 p - a scroll of random uselessness {unknown}
 r - a scroll of enchant armour {unknown}
Potions
 d - a potion of might
 e - a potion of mutation
 g - a potion of flight {unknown}
 k - a potion of haste {unknown}
 m - 2 potions of curing {unknown}
 s - a potion of heal wounds {unknown}
 u - a potion of ambrosia {unknown}
 v - a potion of invisibility {unknown}
 x - a potion of agility {unknown}
Comestibles
 f - 9 rations
 z - 2 chunks of flesh


   Skills:
 - Level 4.0 Fighting
 * Level 7.8 Axes
 - Level 4.0 Armour
 - Level 4.0 Shields


You had 5 spell levels left.
You didn't know any spells.
Your spell library contained the following spells:

 Spells                   Type           Power        Failure   Level  Hunger
 Beastly Appendage        Tmut           #.....       98%         1    ##.....
 Sticks to Snakes         Tmut           #.......     99%         2    ###....
 Spider Form              Tmut/Pois      #.........   100%        3    ####...
 Ice Form                 Ice/Tmut       #.......     100%        4    #####..
 Blade Hands              Tmut           #.........   100%        5    ######.


Dungeon Overview and Level Annotations

Branches:
Dungeon (4/15)             Temple (1/1) D:4

Altars:
Cheibriados
Dithmenos
Elyvilon
Fedhas
Gozag
Hepliaklqana
Kikubaaqudgha
Makhleb
Nemelex Xobeh
Okawaru
Qazlal
Ru
Sif Muna
Trog
Uskayaw
Vehumet
Wu Jian
Xom
Zin
The Shining One

Shops:
D:4 (


Innate Abilities, Weirdness & Mutations

You reflexively headbutt those who attack you in melee.
You have a pair of large horns on your head.
You have a beak for a mouth.
Your body sometimes deteriorates upon taking damage.
You are weak. (Str -2)


Message History

The iguana barely misses you. You furiously retaliate!
You headbutt the iguana. You hit the iguana. Your headbutt misses the iguana.
The iguana is severely wounded.
You barely miss the phantom.
The phantom hits you but does no damage.
The iguana bites you!
* * * LOW HITPOINT WARNING * * *
The phantom barely misses you. You furiously retaliate!
You headbutt the phantom, but do no damage.
You barely miss the iguana.
The iguana is severely wounded.
The iguana bites you.
* * * LOW HITPOINT WARNING * * *
Okay, then.
It was a potion of mutation.
You feel extremely strange.
You feel yourself wasting away.
Your mouth lengthens and hardens into a beak!
You feel weaker. The horns on your head grow some more. The iguana bites you!
You die...

......##.###..............
......##...#.......).....#
......#....#....##......##
##....####....###........#.
.....####...#.?........# ..
............#)..รท......#...
)..............).W.........
^.............(..l.......#
##....#.........@##......#
###..#..........##...##...
####..#..............## .
...#.................# ...
##..............(..... ....
.#......<.............. .
... .#.......#....##..#.#..
.. ..# .#...(..##....
#..#.#..# ..###.. .'........
.# .....#


You could see a phantom and an iguana.

Vanquished Creatures
  A howler monkey (D:4)
  A crimson imp (D:4)
  A hound (D:4)
  An orc wizard (D:3)
  2 worker ants (D:4)
  A hound skeleton (D:3)
  A gnoll (D:1)
  5 adders
  An ooze (D:3)
  5 worms
  A dart slug (D:3)
  6 leopard geckos
  6 orcs
  3 ball pythons
  3 giant cockroaches
  5 goblins
  10 hobgoblins
  3 jackals (D:1)
  15 kobolds
  A quokka (D:3)
  7 bats
  5 frilled lizards
  5 rats
  A plant (D:1)
90 creatures vanquished.

Notes
Turn   | Place    | Note
-------+----------+-------------------------------------------
     0 | D:1      | DevastatorOne the Minotaur Fighter began the quest for the
                  | Orb.
     0 | D:1      | Reached XP level 1. HP: 19/19 MP: 0/0
    21 | D:1      | Reached skill level 3 in Axes
    21 | D:1      | Reached XP level 2. HP: 27/27 MP: 1/1
   128 | D:1      | Reached XP level 3. HP: 29/33 MP: 2/2
   433 | D:2      | Reached skill level 4 in Axes
   543 | D:2      | Reached XP level 4. HP: 40/40 MP: 3/3
  1191 | D:3      | Reached skill level 5 in Axes
  1346 | D:3      | Reached XP level 5. HP: 46/46 MP: 4/4
  1376 | D:3      | Reached skill level 6 in Axes
  1678 | D:3      | Found an iron altar of Okawaru.
  1678 | D:3      | Found a white marble altar of Elyvilon.
  2000 | D:4      | Reached skill level 7 in Axes
  2018 | D:4      | Found Neihat's Antique Weapon Shop.
  2067 | D:4      | Reached XP level 6. HP: 49/52 MP: 5/5
  2076 | D:4      | Found a staircase to the Ecumenical Temple.
  2083 | Temple   | Entered the Ecumenical Temple
  2104 | Temple   | Became a worshipper of Trog the Wrathful
  2187 | D:4      | HP: 1/52 [iguana (6)]
  2189 | D:4      | Gained mutation: Your body sometimes deteriorates upon
                  | taking damage. [potion of mutation]
  2189 | D:4      | Gained mutation: You have a beak for a mouth. [potion of
                  | mutation]
  2189 | D:4      | Gained mutation: You are weak. (Str -2) [potion of
                  | mutation]
  2189 | D:4      | Gained mutation: You have a pair of large horns on your
                  | head. [potion of mutation]
  2189 | D:4      | Mangled by an iguana

Levels and vault maps discovered:
D:1:      roderic_crop_circles_arrival_small, layout_rooms, minmay_pentomino_r2
D:2:      layout_basic
D:3:      layout_loops_cross, gammafunk_temple_overflow_wave, serial_glass,
          glass_columns_a, glass_columns_a, glass_columns_a, glass_columns_a,
          glass_columns_b, glass_columns_a, kennysheep_nub,
          minmay_quadrilaterals
D:4:      layout_cave_pools, temple_green, serial_shops, kennysheep_little_box,
          first_ration
Temple:   nicolae_temple_no_exploring_needed

Skill      XL: |  1  2  3  4  5 |
---------------+----------------+-----
Axes           | 3 4 5 7 |  7.8
Armour         | 4 |  4.0
Shields        | 4 |  4.0
Fighting       | 4 |  4.0

Action                   |  1- 3 |  4- 6 || total
-------------------------+-------+-------++-------
Melee: War axe           |    77 |   119 ||   196
       Headbutt          |    17 |    16 ||    33
  Use: Potion            |       |     1 ||     1
  Eat: Chunk             |       |     3 ||     3
Armor: Scale mail        |    27 |     3 ||    30
       Ring mail         |       |    30 ||    30
Dodge: Dodged            |    25 |    47 ||    72
Block: Shield            |    37 |    64 ||   101

Table legend:
 A = Non-vault XP
 B = Vault XP
 C = Vault XP percentage of total XP
 D = Non-vault monster count
 E = Vault monster count
 F = Vault count percentage of total count
                 A         B        C        D         E       F
            +---------+---------+-------+---------+---------+-------
      Total |     504 |      17 |   3.3 |      82 |       7 |   7.9
            +---------+---------+-------+---------+---------+-------
        D:1 |      57 |       4 |   6.6 |      26 |       2 |   7.1
        D:2 |      59 |       0 |   0.0 |      20 |       0 |   0.0
        D:3 |     158 |      13 |   7.6 |      26 |       5 |  16.1
        D:4 |     230 |       0 |   0.0 |      10 |       0 |   0.0
            +---------+---------+-------+---------+---------+-------
